 Dungeon Crawl Stone Soup version 0.31-a0-881-ge136f0c47a (webtiles) character file.

Game seed: 8659963432747855151

163 pokeman the Magician (level 5, -7/29 HPs)
             Began as a Deep Elf Hedge Wizard on Oct 15, 2023.
             Mangled by Edmund
             ... wielding a +6 flail of protection
              (11 damage)
             ... on level 4 of the Dungeon.
             The game lasted 00:06:45 (4322 turns).

pokeman the Magician (Deep Elf Hedge Wizard)        Turns: 4322, Time: 00:06:45

Health: -7/29      AC:  3    Str: 10    XL:     5   Next: 20%
Magic:  13/15      EV: 13    Int: 21    God:
Gold:   161        SH:  0    Dex: 14    Spells: 8/16 levels left

rFire   + . .        i - +1 hand axe (flame)
rCold   . . .        (no shield)
rNeg    . . .        b - +0 robe
rPois   .            c - +0 hat
rElec   .            (no cloak)
rCorr   .            q - +0 pair of gloves of the Snake Pit {rF+ Will+ Str+3}
SInv    .            (no boots)
Will    +....        (no amulet)
Stlth   ++           (no ring)
HPRegen 0.24/turn    (no ring)
MPRegen 0.14/turn

%: no passive effects
@: no status effects
A: no striking features
a: no special abilities


You were on level 4 of the Dungeon.
You visited 1 branch of the dungeon, and saw 4 of its levels.

You collected 161 gold pieces.

Inventory:

Hand Weapons
 i - a +1 hand axe of flaming (weapon)
Armour
 b - a +0 robe (worn)
 c - a +0 hat (worn)
 q - the +0 pair of gloves of the Snake Pit (worn) {rF+ Will+ Str+3}
   (You found it on level 3 of the Dungeon)

   Str+3:     It affects your strength (+3).
   rF+:       It protects you from fire.
   Will+:     It increases your willpower.
Scrolls
 a - a scroll of fear {unknown}
 e - a scroll of amnesia {unknown}
 f - 2 scrolls of teleportation {unknown}
 g - a scroll of noise {unknown}
 h - a scroll of vulnerability {unknown}
 l - a scroll of revelation {unknown}
 m - 2 scrolls of identify {unknown}
 r - a scroll of acquirement {unknown}
Potions
 d - 2 potions of magic
 j - a potion of heal wounds {unknown}
 k - 3 potions of might {unknown}
 n - a potion of ambrosia {unknown}
 o - 2 potions of brilliance {unknown}
 p - a potion of curing {unknown}
 s - a potion of enlightenment {unknown}
 t - a potion of haste {unknown}
 u - a potion of lignification {unknown}


   Skills:
 - Level 1.0 Fighting
 - Level 1.0 Armour
 - Level 3.1 Dodging
 - Level 3.0 Stealth
 * Level 6.1 Spellcasting
 + Level 2.6 Conjurations
 - Level 1.1 Summonings
 - Level 1.1 Translocations
 + Level 0.0 Air Magic
 + Level 0.7 Poison Magic


You had 8 spell levels left.
You knew the following spells:

 Your Spells              Type           Power      Damage    Failure   Level
a - Magic Dart            Conj           68%        1d6       3%          1
b - Mephitic Cloud        Conj/Pois/Air  11%        N/A       19%         3
c - Call Imp              Summ           22%        N/A       10%         2
d - Blink                 Tloc           22%        N/A       10%         2

Your spell library contained the following spells:

 Spells                   Type           Power      Damage    Failure   Level
 Slow                     Hex            24%        N/A       10%         1
 Cigotuvi's Dreadful Rot  Necr/Pois/Air  14%        N/A       13%         2
 Ozocubu's Armour         Ice            6%         N/A       28%         3
 Metabolic Englaciation   Hex/Ice        3%         N/A       95%         5
 Simulacrum               Ice/Necr       3%         N/A       100%        6


Dungeon Overview and Level Annotations

Branches:
Dungeon (4/15)
 Temple: D:4-7

Altars:
Makhleb
The Shining One

Annotations:
D:4 Edmund


Message History

Your cerulean imp hits Edmund from afar with a -3 spear.
There is a stone staircase leading up here.
The phantom misses your cerulean imp.
Your cerulean imp hits Edmund with a -3 spear.
Edmund closely misses you. The phantom misses your cerulean imp.
Your cerulean imp hits Edmund but does no damage.
Edmund barely misses your cerulean imp.
Unknown command.
You hit Edmund. You burn Edmund.
Edmund is heavily wounded.
The phantom hits your cerulean imp but does no damage.
Your cerulean imp hits Edmund but does no damage.
The phantom closely misses your cerulean imp.
Your cerulean imp hits Edmund from afar with a -3 spear.
The phantom hits your cerulean imp.
The phantom blinks!
Your cerulean imp blinks!
You barely miss Edmund.
Edmund is heavily wounded.
You catch the helpless Edmund completely off-guard!
You hit Edmund but do no damage.
Edmund is heavily wounded.
Edmund closely misses you.
Edmund barely misses himself.
You hit Edmund. You burn Edmund.
Edmund is heavily wounded.
Your cerulean imp hits Edmund but does no damage.
Edmund hits you with a +6 flail of protection!
* * * LOW HITPOINT WARNING * * *
Your cerulean imp hits Edmund but does no damage.
Unknown command.
Edmund seems less confused.
Edmund asks, "Have you met my wondrous brother?"
Your cerulean imp hits Edmund with a -3 spear.
Edmund hits your cerulean imp with a +6 flail of protection.
Your cerulean imp dies!
Your cerulean imp disappears in a puff of smoke!
Edmund attacks as he pursues you!
Edmund hits you with a +6 flail of protection!
You die...
Edmund says, "I'd like to see a scythe do that!"

#............
#............
#............
#..<.........
#............
#..W.........
##########ยงยง...##...
#......###@....##...
##........@.........
#..................
#.................)
#..................
#..................
#..................
###...###.....##...
..###...###.....# ...
................# ..


You could see Edmund and a phantom.

Vanquished Creatures
  A crimson imp (D:3)
  3 gnolls (D:2)
  An adder (D:2)
  3 worms
  4 dart slugs
  6 endoplasms
  A giant cockroach (D:1)
  4 goblins
  8 hobgoblins
  8 jackals (D:1)
  7 kobolds
  6 ball pythons
  3 bats
  7 frilled lizards
  2 goblin skeletons (D:3)
  A goblin zombie (D:3)
  2 hobgoblin zombies (D:3)
  2 kobold skeletons (D:3)
  An orc zombie (D:3)
  8 rats
78 creatures vanquished.

Notes
Turn   | Place    | Note
-------+----------+-------------------------------------------
     0 | D:1      | pokeman the Deep Elf Hedge Wizard began the quest for the
                  | Orb.
     0 | D:1      | Reached XP level 1. HP: 10/10 MP: 7/7
   267 | D:1      | Reached XP level 2. HP: 16/16 MP: 3/9
   578 | D:1      | Reached skill level 5 in Spellcasting
   791 | D:1      | Reached XP level 3. HP: 20/20 MP: 7/11
   795 | D:1      | Learned a level 3 spell: Mephitic Cloud
   798 | D:1      | Learned a level 2 spell: Call Imp
   803 | D:1      | Learned a level 2 spell: Blink
  1229 | D:1      | Reached skill level 1 in Armour
  1443 | D:2      | Reached skill level 1 in Fighting
  1932 | D:2      | Reached XP level 4. HP: 18/25 MP: 2/13
  2910 | D:3      | Found a glowing golden altar of the Shining One.
  3532 | D:3      | Found a burning altar of Makhleb.
  3562 | D:3      | Identified the +0 pair of gloves of the Snake Pit {rF+
                  | Will+ Str+3}
  3608 | D:3      | Found a faded altar of an unknown god.
  4035 | D:3      | Reached skill level 6 in Spellcasting
  4035 | D:3      | Reached XP level 5. HP: 29/29 MP: 9/15
  4216 | D:4      | Noticed Edmund
  4231 | D:4      | Noticed a phantom
  4322 | D:4      | Mangled by Edmund

Illustrated notes

Levels and vault maps discovered:
D:1:      ncdulo_wetmaze, layout_basic, hangedman_decor_riveting
D:2:      layout_basic
D:3:      layout_basic, nicolae_tso_besieged_by_evil,
          mainiacjoe_overflow_chevrons, hellmonk_ecumenical_altar_lost_god
D:4:      layout_gridville, grunt_ministairs_14, uniq_crazy_yiuf_cottage,
          uniq_edmund

Skill      XL: |  1  2  3  4 |
---------------+-------------+-----
Spellcasting   | 5 6 |  6.1
Armour         | 1 |  1.0
Conjurations   | 2 |  2.6
Fighting       | 1 |  1.0
Stealth        | 3 |  3.0
Dodging        | 3 |  3.1
Summonings     | |  1.1
Translocations | |  1.1
Poison Magic   | |  0.7

Action                     |  1- 3 |  4- 6 || total
---------------------------+-------+-------++-------
  Melee: Dagger            |    12 |       ||    12
         Hand axe          |    24 |    27 ||    51
         Punch             |     2 |       ||     2
   Cast: Magic Dart        |   105 |   108 ||   213
         Mephitic Cloud    |     1 |     3 ||     4
         Call Imp          |       |     3 ||     3
         Blink             |       |     1 ||     1
   Stab: Sleeping          |     1 |       ||     1
         Confused          |       |     4 ||     4
 Armour: Robe              |    33 |    30 ||    63
  Dodge: Dodged            |    39 |    24 ||    63

Table legend: (Time is in decaauts)
 A = Elapsed time spent in this place.
 B = Non-inter-level travel time spent in this place.
 C = Inter-level travel time spent in this place.
 D = Time resting spent in this place.
 E = Time spent auto-exploring this place.
 F = Levels seen in this place.
 G = Mean time per level.
                   A        B        C        D        E       F      G
               +--------+--------+--------+--------+--------+-----+--------+
         Total |   4344 |   4160 |    184 |    202 |   3366 |   4 | 1086.0 |
       Dungeon |   4344 |   4160 |    184 |    202 |   3366 |   4 | 1086.0 |
               +--------+--------+--------+--------+--------+-----+--------+

Top non-repeatable levels by time:
     D:1: 1555 daAuts
     D:3: 1538 daAuts
     D:2: 1157 daAuts
     D:4: 93 daAuts
